 Dungeon Crawl Stone Soup version 0.28-a0-828-g0121872642 (webtiles) character file.

Game seed: 7190089563209017287

48670 Hubris850 the Fighter (level 14, -1/198 HPs)
             Began as a Minotaur Fighter on Nov 10, 2021.
             Was the Champion of Okawaru.
             Killed from afar by an acid blob (8 damage)
             ... with a splash of acid
             ... on level 5 of the Lair of Beasts.
             The game lasted 00:57:01 (19855 turns).

Hubris850 the Fighter (Minotaur Fighter)           Turns: 19855, Time: 00:57:03

Health: -1/198     AC:  6    Str: 31    XL:     14   Next: 13%
Magic:  17/19      EV: 17    Int:  5    God:    Okawaru [******]
Gold:   1211       SH:  8    Dex: 18    Spells: 13/13 levels left

rFire   . . .      SeeInvis .   a - +7 flail (elec)
rCold   + . .      Faith    +   c - +1 buckler
rNeg    . . .      Spirit   .   H - +0 plate armour
rPois   .          Reflect  .   J - +0 hat
rElec   .          Harm     .   q - +2 cloak
rCorr   .          Rampage  .   F - +2 pair of gloves
Will    +....                   s - +0 pair of boots
Stlth   ..........              y - amulet of faith
HPRegen 0.00/turn               t - ring of Yesterday {Ice Drain Str+6 Dex+7}
MPRegen 0.16/turn               r - ring of protection from fire

@: berserking, heroic, corroded, inhibited regen, studying Bows, very quick
A: horns 2, retaliatory headbutt, high mp 1, sense surroundings 1, inhibited
regeneration, noise suppression
a: Renounce Religion, Heroism, Finesse, Duel


You were on level 5 of the Lair of Beasts.
You worshipped Okawaru.
Okawaru was exalted by your worship.
You visited 3 branches of the dungeon, and saw 18 of its levels.
You also visited: Ossuary.

You collected 1211 gold pieces.

Inventory:

Hand Weapons
 a - a +7 flail of electrocution (weapon)
 b - a +0 hunting sling
 C - the +4 hand axe "Pivoust Bagi" {flame, *Corrode rPois rC+++ Int+4}
   (You found it on level 5 of the Dungeon)

   It burns those it strikes, dealing additional fire damage.
   Big, fiery blades are also staple armaments of hydra-hunters.
   Int:       It affects your intelligence (+4).
   rC:        It renders you almost immune to cold.
   rPois:     It protects you from poison.
   *Corrode:  It may corrode you when you take damage.
 W - a +2 demon whip of venom
 Y - a +0 triple crossbow of freezing
Missiles
 f - 7 boomerangs
 h - 296 stones
 k - 2 javelins
 p - 3 silver boomerangs (quivered)
 E - 231 sling bullets
 O - 2 throwing nets
 P - 2 curare-tipped darts
 Q - 31 poisoned darts
Armour
 c - a +1 buckler (worn)
 q - a +2 cloak (worn)
 s - a +0 pair of boots (worn)
 F - a +2 pair of gloves (worn)
 H - a +0 plate armour (worn)
 J - a +0 hat (worn)
Jewellery
 m - a ring of fire
 r - a ring of protection from fire (right hand)
 t - the ring of Yesterday (left hand) {Ice Drain Str+6 Dex+7}
   (You found it on level 7 of the Dungeon)

   [ring of ice]

   It enhances your ice magic.
   Str:       It affects your strength (+6).
   Dex:       It affects your dexterity (+7).
   rF:        It makes you vulnerable to fire.
   rC:        It protects you from cold.
   Drain:     It drains your maximum health when unequipped.
 y - an amulet of faith (around neck)
 R - a +6 ring of dexterity
 X - an amulet of the acrobat
Wands
 d - a wand of polymorph (17)
 l - a wand of digging (10)
 D - a wand of iceblast (47)
 I - a wand of flame (40)
 S - a wand of paralysis (6)
Scrolls
 g - 5 scrolls of fear
 i - 3 scrolls of fog
 j - a scroll of silence
 n - 5 scrolls of magic mapping
 o - 6 scrolls of identify
 M - 7 scrolls of teleportation
 T - 3 scrolls of enchant weapon
Potions
 e - 7 potions of heal wounds
 u - 2 potions of flight
 w - a potion of resistance
 x - 13 potions of curing
 A - a potion of ambrosia
 G - a potion of might
 K - a potion of magic
 L - 3 potions of cancellation
Miscellaneous
 Z - a phial of floods


   Skills:
 + Level 14.1(19.1) Fighting
 - Level 9.4(17.3) Axes
 - Level 12.7(19.0) Maces & Flails
 - Level 12.0(17.2) Slings
 - Level 3.6(13.0) Throwing
 - Level 11.0(16.0) Armour
 - Level 10.0(15.0) Dodging
 - Level 4.0(9.0) Shields
 - Level 6.0 Invocations


You had 13 spell levels left.
You didn't know any spells.
Your spell library contained the following spells:

 Spells                   Type           Power      Damage    Failure   Level
 Beastly Appendage        Tmut           0%         N/A       95%         1
 Blink                    Tloc           0%         N/A       98%         2
 Ensorcelled Hibernation  Hex/Ice        0%         N/A       98%         2
 Passwall                 Tmut/Erth      0%         N/A       98%         2
 Wereblood                Tmut           0%         N/A       98%         2
 Conjure Flame            Conj/Fire      0%         6-21      100%        3
 Frozen Ramparts          Ice            0%         1d2       100%        3
 Gell's Gravitas          Tloc           0%         N/A       100%        3
 Ignite Poison            Fire/Tmut/Pois 0%         N/A       100%        3
 Inner Flame              Hex/Fire       0%         N/A       100%        3
 Portal Projectile        Hex/Tloc       0%         N/A       100%        3
 Spider Form              Tmut/Pois      0%         N/A       100%        3
 Stone Arrow              Conj/Erth      0%         3d7       100%        3
 Swiftness                Air            0%         N/A       100%        3
 Teleport Other           Tloc           0%         N/A       100%        3
 Cause Fear               Hex            0%         N/A       100%        4
 Ice Form                 Ice/Tmut       0%         N/A       100%        4
 Sticky Flame             Conj/Fire      0%         2d3       100%        4
 Blade Hands              Tmut           0%         N/A       100%        5
 Excruciating Wounds      Necr           0%         N/A       100%        5
 Manifold Assault         Tloc           0%         N/A       100%        5
 Dispersal                Tloc           0%         N/A       100%        6
 Storm Form               Tmut/Air       0%         N/A       100%        7
 Discord                  Hex            0%         N/A       100%        8
 Lehudib's Crystal Spear  Conj/Erth      0%         10d2      100%        8
 Animate Armour           Summ/Erth      Unusable   N/A       N/A         4
 Summon Ice Beast         Ice/Summ       Unusable   N/A       N/A         4

Dungeon Overview and Level Annotations

Branches:
Dungeon (12/15)            Temple (1/1) D:6            Lair (5/6) D:9
 Shoals (0/4) Lair:4        Snake (0/4) Lair:4        Slime (0/5) Lair:5
    Orc (0/2) D:10        Ossuary (visited)

Altars:
Cheibriados
Elyvilon
Gozag
Kikubaaqudgha
Okawaru
Ru
Trog
Uskayaw
Vehumet
Wu Jian
Jiyva

Shops:
D:2 [   D:11 [

Annotations:
Lair:1 2 transporters, mitch45678's ghost, journeyman MiAK


Innate Abilities, Weirdness & Mutations

You have a pair of horns on your head.
You reflexively headbutt those who attack you in melee.
You have an increased reservoir of magic. (+10% MP)
You passively map a small area around you.
You do not regenerate when monsters are visible.
You passively dampen the noise of your surroundings.


Message History

You feel much better. The acid blob spits acid at you.
The splash of acid hits you!!
* * * LOW HITPOINT WARNING * * *
The acid corrodes you! The acid blob spits acid at you.
The splash of acid hits you!
* * * LOW HITPOINT WARNING * * *
The acid corrodes you!
As you read the scroll of fog, it crumbles to dust.
The scroll dissolves into smoke.
You feel much better.
You feel much better.
You gain the combat prowess of a mighty hero.
The acid blob spits acid at you. The splash of acid hits you!
* * * LOW HITPOINT WARNING * * *
The acid corrodes you! The acid blob spits acid at you.
The splash of acid hits you!!
* * * LOW HITPOINT WARNING * * *
The acid corrodes you!
You hit the acid blob.
Your hands burn!
* * * LOW HITPOINT WARNING * * *
You headbutt the acid blob, but do no damage.
The acid blob is severely wounded.
You block the acid blob's attack.
Unknown command.
Unknown command.
A red film seems to cover your vision as you go berserk!
You feel yourself moving faster!
You feel mighty! The acid blob closely misses you. You furiously retaliate!
You headbutt the acid blob. You sock the acid blob!
Your hands burn!
* * * LOW HITPOINT WARNING * * *
You headbutt the acid blob, but do no damage.
The acid blob is almost dead.
The acid blob spits acid at you. The splash of acid hits you!
You die...

...............>......###
......#####.#.#....P#....
......#.>.######......# ,,
.<....#...# #....###.# *
......#._.# #.#..## , *
......##J## ###§#.#
..........#######§§#.####
*
...........#...#§§§#.....
*
...............J@§§§.....
...P............§#§P##.#..
*, ##.#.<.....†....##P.#
## . *
#...............#### * *
##.............## , *
##............# * *,
#............# ,
#.>..........#
#............#


You could see an acid blob.

Vanquished Creatures
  The ghost of Archem the Fighter, a journeyman OgTm of Ashenzari (Lair:3)
  Josephine (Lair:5)
  A great orb of eyes (Lair:3)
  Harold (D:7)
  Erolcha (D:12)
  7 hydras
  3 boulder beetles
  A centaur warrior (D:9)
  A two-headed ogre (D:11)
  A lindwurm (Lair:4)
  Pikel (D:5)
  2 deep elf pyromancers (D:12)
  An ugly thing (D:12)
  2 manticores
  A cyclops (D:11)
  7 elephants
  Maurice (D:8)
  6 black mambas
  A gargoyle (D:12)
  8 cane toads
  4 rime drakes
  5 unseen horrors
  11 komodo dragons
  5 trolls
  A hornet (D:9)
  A polar bear (Lair:5)
  Prince Ribbit (D:6)
  7 slime creatures
  15 blink frogs
  A snapping turtle (Lair:4)
  3 shadows
  8 wraiths
  4 wyverns
  39 yaks
  A vampire (D:9)
  A basilisk (Lair:4)
  Menkaure (D:7)
  An acid dragon (D:12)
  Duvessa (D:6)
  13 water moccasins
  7 orc warriors
  3 sky beasts
  2 black bears
  2 ogres
  A lemure (D:6)
  6 centaurs
  Blork the orc (D:6)
  2 kobold brigands
  13 bullfrogs
  2 gnoll sergeants (D:10)
  3 scorpions
  Dowan (D:6)
  9 killer bees
  4 electric eels
  8 wights
  5 howler monkeys
  5 jellies
  5 centaur zombies
  Crazy Yiuf (D:3)
  A hound (D:4)
  2 bullfrog skeletons
  2 centaur skeletons
  2 human zombies (Ossuary)
  9 orc priests
  3 iguanas
  17 orc wizards
  A killer bee zombie (D:8)
  A hound zombie (Ossuary)
  A hound skeleton (D:4)
  6 mummies
  3 howler monkey zombies (D:8)
  7 adders
  14 gnolls
  A shadow imp (D:5)
  An ufetubus (D:7)
  4 adder zombies
  2 adder skeletons (D:4)
  A dart slug (D:3)
  4 worms
  54 orcs
  9 bats
  4 endoplasms
  2 giant cockroaches
  8 goblins
  5 hobgoblins
  4 jackals
  A quokka (D:4)
  5 ball pythons
  3 frilled lizards
  2 goblin zombies
  3 hobgoblin zombies
  16 kobolds
  A kobold zombie (Ossuary)
  4 orc zombies
  4 rats
  2 rat zombies (Ossuary)
460 creatures vanquished.

Vanquished Creatures (others)
  2 fungi
  49 plants
51 creatures vanquished.

Grand Total: 511 creatures vanquished

Notes
Turn   | Place    | Note
-------+----------+-------------------------------------------
     0 | D:1      | Hubris850 the Minotaur Fighter began the quest for the Orb.
     0 | D:1      | Reached XP level 1. HP: 19/19 MP: 0/0
   327 | D:1      | Reached XP level 2. HP: 26/26 MP: 1/1
  1034 | D:2      | Found a faded altar of an unknown god.
  1342 | D:2      | Reached XP level 3. HP: 23/31 MP: 2/2
  1708 | D:2      | Found Ihogu's Armour Boutique.
  2145 | D:2      | Reached XP level 4. HP: 33/39 MP: 1/3
  2483 | D:3      | Reached skill level 5 in Maces & Flails
  2596 | D:3      | Reached XP level 5. HP: 45/45 MP: 4/4
  2716 | D:3      | Found a runed translucent door.
  2717 | D:3      | Noticed Crazy Yiuf
  2916 | D:3      | Killed Crazy Yiuf
  3106 | D:4      | Reached skill level 5 in Armour
  3186 | D:4      | Reached XP level 6. HP: 38/51 MP: 5/5
  3798 | D:5      | Entered Level 5 of the Dungeon
  3806 | D:5      | Gained mutation: You have an increased reservoir of magic.
                  | (+10% MP) [potion of mutation]
  3806 | D:5      | Gained mutation: You passively dampen the noise of your
                  | surroundings. [potion of mutation]
  3806 | D:5      | Gained mutation: You passively map a small area around you.
                  | [potion of mutation]
  4116 | D:5      | Identified the +4 hand axe "Pivoust Bagi" {flame, *Corrode
                  | rPois rC+++ Int+4}
  4145 | D:5      | Reached XP level 7. HP: 55/57 MP: 6/6
  4546 | D:6      | Noticed Prince Ribbit
  4563 | D:6      | Killed Prince Ribbit
  4564 | D:6      | Reached skill level 5 in Axes
  4631 | D:6      | Reached XP level 8. HP: 50/64 MP: 7/7
  4777 | D:6      | Noticed Pikel
  4789 | D:6      | Noticed Blork the orc
  4796 | D:6      | Killed Blork the orc
  4991 | D:5      | Killed Pikel
  5256 | D:6      | Identified the +1 robe of Mumblety Peg {rPois rN+ Int-3}
  5485 | D:6      | Noticed Duvessa
  5485 | D:6      | Noticed Dowan
  5498 | D:6      | Killed Duvessa
  5524 | D:6      | Killed Dowan
  5525 | D:6      | Reached skill level 10 in Maces & Flails
  5525 | D:6      | Reached XP level 9. HP: 22/70 MP: 8/8
  5948 | D:6      | Found a staircase to the Ecumenical Temple.
  5966 | Temple   | Entered the Ecumenical Temple
  5981 | Temple   | Became a worshipper of Warmaster Okawaru
  6088 | D:7      | Noticed Harold
  6113 | D:7      | Killed Harold
  6113 | D:7      | Reached * piety under Okawaru
  6531 | D:7      | Reached skill level 4 in Fighting
  6531 | D:7      | Reached skill level 1 in Dodging
  6531 | D:7      | Reached skill level 1 in Invocations
  6651 | D:7      | Noticed Menkaure
  6660 | D:7      | Killed Menkaure
  6757 | D:7      | Noticed a troll
  6772 | D:7      | Killed a troll
  6772 | D:7      | Reached ** piety under Okawaru
  6867 | D:7      | Identified the ring of Yesterday {Ice Drain Str+6 Dex+7}
  7022 | D:7      | Reached XP level 10. HP: 80/80 MP: 11/11
  7260 | D:8      | Found a sand-covered staircase.
  7267 | Ossuary  | Entered an ossuary
  7523 | D:8      | Noticed Maurice
  7537 | D:8      | Killed Maurice
  7538 | D:8      | Reached skill level 5 in Fighting
  7538 | D:8      | Reached skill level 1 in Slings
  7915 | D:8      | Noticed a four-headed hydra
  7923 | D:8      | Killed a one-headed hydra
  7923 | D:8      | Reached *** piety under Okawaru
  7924 | D:8      | Reached skill level 10 in Armour
  8480 | D:8      | Found an opulent altar of Gozag.
  8996 | D:9      | Reached skill level 5 in Invocations
  9003 | D:9      | Reached **** piety under Okawaru
  9004 | D:9      | Reached skill level 5 in Slings
  9236 | D:9      | Received a gift from Okawaru
  9320 | D:9      | Reached XP level 11. HP: 86/86 MP: 15/15
  9469 | D:9      | Found a staircase to the Lair.
  9486 | D:9      | Received a gift from Okawaru
  9594 | D:9      | Noticed a centaur warrior
  9604 | D:9      | Killed a centaur warrior
 10148 | D:10     | Entered Level 10 of the Dungeon
 10397 | D:10     | You fall into a shaft and drop 2 floors!
 10586 | D:12     | Noticed a deep elf pyromancer
 10592 | D:12     | Killed a deep elf pyromancer
 10592 | D:12     | Reached ***** piety under Okawaru
 11148 | D:10     | Received a gift from Okawaru
 11447 | D:10     | Found a staircase to the Orcish Mines.
 11847 | D:11     | Noticed a two-headed ogre
 11855 | D:11     | Killed a two-headed ogre
 11855 | D:11     | Received a gift from Okawaru
 11861 | D:11     | Found Keoxufo's Antique Armour Shoppe.
 12027 | D:11     | Noticed a boulder beetle
 12044 | D:11     | Killed a boulder beetle
 12211 | D:11     | Reached skill level 10 in Slings
 12490 | D:12     | Noticed Erolcha
 12503 | D:12     | Killed Erolcha
 12504 | D:12     | Reached XP level 12. HP: 94/94 MP: 14/17
 12514 | D:12     | Found an iron altar of Okawaru.
 12748 | D:12     | Identified the +0 ring mail "Koloxade" {+Blink Int+3 Dex-4}
 13141 | D:12     | Received a gift from Okawaru
 13385 | D:12     | Noticed a five-headed hydra
 13396 | D:12     | Killed a one-headed hydra
 13396 | D:12     | Identified the +8 flail of Eternal Night {venom, Contam
                  | rElec rN+++ Str+3} (Okawaru gifted it to you on level 12 of
                  | the Dungeon)
 13396 | D:12     | Received a gift from Okawaru
 13397 | D:12     | Reached skill level 6 in Fighting
 13397 | D:12     | Reached skill level 5 in Dodging
 13503 | D:12     | Gained mutation: You do not regenerate when monsters are
                  | visible. [mutagenic glow]
 13685 | Lair:1   | Entered Level 1 of the Lair of Beasts
 13916 | Lair:1   | Noticed mitch45678's ghost (journeyman MiAK)
 14039 | Lair:1   | Found a transporter.
 14043 | Lair:1   | Found a transporter.
 14937 | Lair:2   | Reached skill level 7 in Fighting
 15132 | Lair:2   | Reached skill level 1 in Throwing
 15484 | Lair:2   | Noticed a four-headed hydra
 15491 | Lair:2   | Killed a four-headed hydra
 15813 | Lair:2   | Noticed a boulder beetle
 15819 | Lair:2   | Noticed a seven-headed hydra
 15822 | Lair:2   | Received a gift from Okawaru
 15830 | Lair:2   | Killed a boulder beetle
 15831 | Lair:2   | Reached skill level 8 in Fighting
 15831 | Lair:2   | Noticed a six-headed hydra
 15835 | Lair:2   | Killed a two-headed hydra
 15836 | Lair:2   | Reached XP level 13. HP: 98/107 MP: 10/18
 16210 | Lair:3   | Reached skill level 9 in Fighting
 16570 | Lair:3   | Found a runed translucent gate.
 16570 | Lair:3   | Found a runed translucent gate.
 16570 | Lair:3   | Found a runed translucent gate.
 16571 | Lair:3   | Found a viscous altar of Jiyva.
 16571 | Lair:3   | Noticed Archem's ghost (journeyman OgTm)
 16948 | Lair:3   | Reached skill level 10 in Fighting
 17546 | Lair:3   | Killed Archem's ghost
 17553 | Lair:3   | Received a gift from Okawaru
 17845 | Lair:4   | Reached skill level 11 in Fighting
 18016 | Lair:4   | Received a gift from Okawaru
 18128 | Lair:4   | Reached skill level 10 in Dodging
 18177 | Lair:4   | Found a staircase to the Snake Pit.
 18400 | Lair:4   | Received a gift from Okawaru
 18444 | Lair:4   | Reached skill level 12 in Fighting
 18726 | Lair:4   | Found a staircase to the Shoals.
 18878 | Lair:4   | Received a gift from Okawaru
 19038 | Lair:4   | Reached skill level 13 in Fighting
 19204 | Lair:5   | Reached ****** piety under Okawaru
 19371 | Lair:5   | Reached XP level 14. HP: 129/129 MP: 19/19
 19378 | Lair:5   | Received a gift from Okawaru
 19378 | Lair:5   | Noticed Josephine
 19383 | Lair:5   | Killed Josephine
 19781 | Lair:5   | Found a runed translucent door.
 19782 | Lair:5   | Found a viscous altar of Jiyva.
 19790 | Lair:5   | Reached skill level 14 in Fighting
 19790 | Lair:5   | Found a staircase to the Slime Pits.
 19791 | Lair:5   | Noticed an acid blob
 19847 | Lair:5   | HP: 1/132 [acid blob/splash of acid (11)]
 19853 | Lair:5   | HP: 5/132 [acid (3)]
 19855 | Lair:5   | Killed from afar by an acid blob

Illustrated notes

Levels and vault maps discovered:
D:1:      lightli_arrival_noodles, layout_basic
D:2:      layout_basic, ebering_ecumenical_altar_webs, serial_shops,
          nicolae_shop_statue_plus, lemuel_another_geyser
D:3:      layout_rooms, uniq_crazy_yiuf_cottage
D:4:      layout_gridville
D:5:      layout_cave_pods
D:6:      layout_gridville, temple_hall, uniq_duvessa, uniq_prince_ribbit1,
          uniq_blork_the_orc, uniq_pikel
D:7:      corexii_shack_village, layout_basic, minmay_mini_ossuary,
          uniq_menkaure, uniq_harold
D:8:      layout_layer_cave, old_standard_altar, nicolae_ossuary_entry_giza,
          minmay_manual_monstrance, uniq_maurice
D:9:      minmay_recursive_quarters, layout_basic, david_lair_shrubbed,
          grunt_ministairs_4
D:10:     layout_gridville, hiddenorc2_lemuel
D:11:     layout_long_grid, serial_shops, nicolae_shop_behind_doors
D:12:     minmay_skewed_foursquare, layout_basic, kennysheep_okawaru_gauntlet,
          uniq_erolcha
Temple:   nicolae_temple_the_god_donut
Lair:1:   layout_gridlike, gammafunk_ghost_arena, dpeg_stationary_puzzle
Lair:2:   nzn_winding_woodlands_cross [nzn_winding_woodlands_5x15_crooked,
          nzn_winding_woodlands_5x15_sidewinder,
          nzn_winding_woodlands_5x15_lazy_stream,
          nzn_winding_woodlands_5x15_zeroes,
          nzn_winding_woodlands_15x15_thick_spiral], layout_chaotic_city,
          grunt_megastairs_5
Lair:3:   layout_gridlike, gammafunk_ghost_ooze, beast_lair_carwin_2,
          grunt_megastairs_3
Lair:4:   layout_gridlike, minmay_shoals_entry_hut, dummy_snake_entry,
          serial_bayou, serial_bayou_crossing, serial_bayou_lagoon_b,
          serial_bayou_pond_d, serial_bayou_pond_d, serial_bayou_lagoon_a,
          serial_bayou_lake_a
Lair:5:   layout_small_grid, slime_altar_2, ebering_ghost_disaster_area,
          uniq_josephine

Skill      XL: |  1  2  3  4  5  6  7  8  9 10 11 12 13 14 |
---------------+-------------------------------------------+-----
Maces & Flails | 3 4 5 6 8 10 11 12 | 12.7
Shields        | 4 |  4.0
Armour         | 4 5 9 10 11 | 11.0
Axes           | 6 9 |  9.4
Fighting       | 4 5 8 13 14 | 14.1
Dodging        | 2 4 7 10 | 10.0
Invocations    | 2 5 6 |  6.0
Slings         | 5 10 12 | 12.0
Throwing       | 3 |  3.6

Action                   |  1- 3 |  4- 6 |  7- 9 | 10-12 | 13-15 || total
-------------------------+-------+-------+-------+-------+-------++-------
Melee: Flail             |    80 |   140 |       |   435 |   344 ||   999
       Headbutt          |    11 |    26 |    47 |   173 |   112 ||   369
       Hand axe          |       |     6 |    93 |    28 |     3 ||   130
       Whip              |       |       |   168 |    85 |       ||   253
       Demon whip        |       |       |       |     7 |       ||     7
 Fire: Hunting sling     |       |       |       |    55 |    20 ||    75
Throw: Stone             |     1 |       |       |       |       ||     1
       Dart              |       |       |       |     1 |       ||     1
       Throwing net      |       |       |       |     1 |       ||     1
       Boomerang         |       |       |       |     6 |     8 ||    14
Invok: Heroism           |       |       |       |     3 |     2 ||     5
       Finesse           |       |       |       |     1 |     1 ||     2
Evoke: Wand              |       |       |     2 |       |       ||     2
  Use: Scroll            |       |     7 |     2 |    13 |     5 ||    27
       Potion            |       |     3 |     3 |     8 |     4 ||    18
 Stab: Held in net/web   |       |       |       |     1 |       ||     1
Armor: Scale mail        |    10 |       |       |       |       ||    10
       Chain mail        |    42 |    76 |    51 |       |       ||   169
       Plate armour      |       |       |    52 |   279 |   104 ||   435
Dodge: Dodged            |    28 |    42 |    57 |   157 |   126 ||   410
Block: Buckler           |    18 |    29 |    32 |   102 |    72 ||   253

Table legend: (Time is in decaauts)
 A = Elapsed time spent in this place.
 B = Non-inter-level travel time spent in this place.
 C = Inter-level travel time spent in this place.
 D = Time resting spent in this place.
 E = Time spent auto-exploring this place.
 F = Levels seen in this place.
 G = Mean time per level.
                   A        B        C        D        E       F      G
               +--------+--------+--------+--------+--------+-----+--------+
         Total |  19464 |  18827 |    637 |   2189 |  13329 |  19 | 1024.4 |
       Dungeon |  13205 |  12717 |    488 |   1968 |   8478 |  12 | 1100.4 |
        Temple |     28 |     15 |     13 |      0 |      0 |   1 |   28.0 |
          Lair |   6066 |   5931 |    135 |    221 |   4851 |   5 | 1213.2 |
       Ossuary |    164 |    164 |      0 |      0 |      0 |   1 |  164.0 |
               +--------+--------+--------+--------+--------+-----+--------+

Top non-repeatable levels by time:
  Lair:4: 1535 daAuts
  Lair:3: 1470 daAuts
     D:9: 1408 daAuts
    D:12: 1338 daAuts
     D:2: 1310 daAuts
     D:8: 1272 daAuts
  Lair:2: 1248 daAuts
     D:6: 1191 daAuts
  Lair:1: 1178 daAuts
     D:7: 1141 daAuts
    D:10: 1135 daAuts
     D:5: 965 daAuts
    D:11: 921 daAuts
     D:1: 888 daAuts
     D:3: 880 daAuts
